 Dungeon Crawl Stone Soup version 0.31-a0-182-gc5ef74bbde (webtiles) character file.

Game seed: 11979508973137980272

2598 qw the Cleaver (level 9, 0/57 HPs)
             Began as a Gargoyle Fighter on June 21, 2023.
             Shot with an arrow by a centaur (5 damage)
             ... on level 8 of the Dungeon.
             The game lasted 00:03:28 (6342 turns).

qw the Cleaver (Gargoyle Fighter)                   Turns: 6342, Time: 00:03:29

Health: 0/57       AC: 21    Str: 24    XL:     9   Next: 59%
Magic:  9/9        EV:  8    Int:  9    God:
Gold:   584        SH:  9    Dex: 15    Spells: 8/8 levels left

rFire   . . .        Y - +0 broad axe
rCold   . . .        b - +0 kite shield
rNeg    + . .        r - +0 storm dragon scales
rPois   inf          u - +0 helmet
rElec   +            e - +0 cloak
rCorr   .            (no gloves)
SInv    .            (no boots)
Will    .....        (no amulet) Stlth
                     j - +6 ring of dexterity
HPRegen 0.29/turn    (no ring)
MPRegen 0.11/turn

%: no passive effects
@: no status effects
A: sickness immunity, AC +6, negative energy resistance 1, electricity
resistance, torment resistance 1, petrification resistance
a: no special abilities


You were on level 8 of the Dungeon.
You visited 2 branches of the dungeon, and saw 9 of its levels.

You collected 584 gold pieces.


Innate Abilities, Weirdness & Mutations

You are immune to sickness and miasma.
Your stone body is resilient. (AC +6)
You are immune to poison.
You resist negative energy. (rN+)
You are resistant to electric shocks. (rElec)
You are resistant to unholy torment.
You are immune to petrification.


   Skills:
 - Level 7.0 Fighting
 - Level 9.1 Axes
 - Level 1.4 Throwing
 - Level 5.7 Armour
 - Level 2.0 Dodging
 + Level 4.2 Shields


You had 8 spell levels left.
You didn't know any spells.
Your spell library was empty.

Inventory:

Hand Weapons
 m - a +0 flail
 t - a +1 mace of holy wrath
 Y - a +0 broad axe (weapon)
Missiles
 p - 2 boomerangs (quivered)
Armour
 b - a +0 kite shield (worn)
 e - a +0 cloak (worn)
 r - +0 storm dragon scales (worn)
 u - a +0 helmet (worn)
Jewellery
 j - a +6 ring of dexterity (left hand)
 k - a ring of ice
 n - a ring of ice
 s - a ring of fire
Scrolls
 g - 4 scrolls of identify
 v - 2 scrolls of teleportation
Potions
 a - a potion of attraction
 d - 2 potions of might
 f - a potion of haste
 h - a potion of enlightenment
 i - 2 potions of cancellation
 l - a potion of heal wounds
 q - 2 potions of curing

Dungeon Overview and Level Annotations

Branches:
Dungeon (8/15)             Temple (1/1) D:7
   Lair: D:8-11

Altars:
Ashenzari
Cheibriados
Dithmenos
Elyvilon
Fedhas
Gozag
Hepliaklqana
Kikubaaqudgha
Makhleb
Nemelex Xobeh
Ru
Sif Muna
Trog
Uskayaw
Vehumet
Wu Jian
Xom
Yredelemnul
The Shining One

Shops:
D:2 [


Message History

You barely miss the killer bee.
The killer bee is heavily wounded.
You miss the killer bee. You barely miss the yak.
You completely miss the killer bee. The killer bee barely misses you.
The killer bee stings you but does no damage.
You block the killer bee's attack.
The killer bee stings you but does no damage.
You block the killer bee's attack.
The killer bee stings you but does no damage.
The yak gores you but does no damage. The killer bee closely misses you.
The killer bee barely misses you.
The centaur shoots an arrow.
The arrow barely misses you.
The arrow hits the killer bee!
The killer bee dies!
You barely miss the killer bee.
The killer bee is moderately wounded.
You slash the killer bee! You barely miss the yak.
The killer bee stings you but does no damage.
You block the killer bee's attack.
The centaur shoots an arrow.
The arrow hits you. The yak gores you but does no damage.
The killer bee stings you but does no damage.
The killer bee barely misses you.
You barely miss the killer bee.
The killer bee is severely wounded.
You hit the yak. You barely miss the yak.
You hit the killer bee but do no damage.
The killer bee closely misses you. You block the killer bee's attack.
The killer bee stings you but does no damage. x2
The yak gores you but does no damage.
The centaur shoots an arrow.
You block the arrow.
The killer bee stings you but does no damage. x2
You miss the killer bee.
The killer bee is severely wounded.
You hit the yak. You barely miss the yak. You completely miss the killer bee.
The killer bee stings you. The killer bee closely misses you.
The centaur shoots an arrow.
The arrow hits you!
The killer bee barely misses you. x2; The yak gores you.
The yak gores you but does no damage.
The centaur shoots an arrow.
The arrow hits you.
You die...

..~# ..~# #:.~#
...~##+ .<.~~~~
Y..~~~~
#.#######YY.....
......c<@YY.....
#.......yy######
###########


You could see 5 yaks, a centaur and 2 killer bees.

Vanquished Creatures
  Grinder (D:4)
  2 water moccasins (D:6)
  An ice beast (D:7)
  A sky beast (D:7)
  4 black bears
  Blork the orc (D:4)
  2 kobold brigands (D:3)
  A gnoll sergeant (D:7)
  3 bullfrogs
  2 scorpions
  A killer bee (D:8)
  8 crimson imps (D:7)
  A gnoll bouda (D:7)
  2 hounds
  3 jellies
  Natasha (twice) (D:4)
  A sleepcap (D:5)
  An iguana (D:7)
  Ijyb (D:4)
  5 orc wizards
  Robin (D:3)
  13 gnolls
  6 adders
  2 shadow imps
  A white imp (D:7)
  3 ufetubi
  2 worms
  2 dart slugs
  10 orcs
  6 bats (D:1)
  10 endoplasms
  2 giant cockroaches (D:1)
  12 goblins
  7 hobgoblins
  7 jackals
  5 quokkas
  2 ball pythons (D:1)
  4 frilled lizards
  15 kobolds
  7 rats
160 creatures vanquished.

Vanquished Creatures (others)
  A killer bee (D:8)
1 creature vanquished.

Grand Total: 161 creatures vanquished

Notes
Turn   | Place    | Note
-------+----------+-------------------------------------------
     0 | D:1      | qw the Gargoyle Fighter began the quest for the Orb.
     0 | D:1      | Reached XP level 1. HP: 14/14 MP: 1/1
     0 | D:1      | 0 ||| qw: Version: 0.3-a-9-g12657ce
     0 | D:1      | 0 ||| qw: Game counter: 1614
     0 | D:1      | 0 ||| qw: Always use a shield: true
     0 | D:1      | 0 ||| qw: God list: Okawaru
     0 | D:1      | 0 ||| qw: Allow faded altars: false
     0 | D:1      | 0 ||| qw: Do Orc after D:15 true
     0 | D:1      | 0 ||| qw: Do second Lair branch before Depths: true
     0 | D:1      | 0 ||| qw: Lair rune preference: random
     0 | D:1      | 0 ||| qw: Plans: Normal, Zot:1-4, Slime:5, God:TSO, Crypt,
                  | Tomb, Abyss, Pan, Hells, Win
     0 | D:1      | 0 ||| PLANNING D:1-11
    20 | D:1      | Reached skill level 2 in Axes
    23 | D:1      | 23 ||| Stepping ~*~*~tactically~*~*~ (stealth).
    31 | D:1      | Reached XP level 2. HP: 13/19 MP: 2/2
   133 | D:1      | 133 ||| Stepping ~*~*~tactically~*~*~ (stealth).
   215 | D:1      | Reached skill level 3 in Axes
   237 | D:1      | Reached XP level 3. HP: 23/23 MP: 3/3
   520 | D:1      | 520 ||| READING scroll labelled XASALE HUFUCO.
   525 | D:1      | 525 ||| READING scroll labelled LEODAX UT CYT.
   526 | D:1      | 526 ||| READING scroll labelled WASSOT HUEPP.
   527 | D:1      | 527 ||| READING scroll labelled HOK XOHADETS.
   528 | D:1      | 528 ||| READING scroll labelled QORROE VUER.
   915 | D:2      | Found Doikk's Antique Armour Shoppe.
   923 | D:2      | 923 ||| SHOPLISTING chain mail (135 gold, have 96).
   923 | D:2      | 923 ||| SHOPLISTING pitted ring mail (270 gold, have 96).
  1134 | D:2      | 1134 ||| DROPPING +0 mace.
  1186 | D:2      | Reached XP level 4. HP: 28/28 MP: 4/4
  1396 | D:2      | 1396 ||| UPGRADING to +0 cloak.
  1401 | D:2      | 1401 ||| DROPPING amulet of magic regeneration.
  1402 | D:2      | 1402 ||| UPGRADING to +6 ring of dexterity.
  1403 | D:2      | 1403 ||| READING 3 scrolls of identify.
  1403 | D:2      | 1403 ||| IDENTIFYING glowing golden potion
  1404 | D:2      | 1404 ||| READING 2 scrolls of identify.
  1404 | D:2      | 1404 ||| IDENTIFYING white potion
  1724 | D:3      | 1724 ||| Stepping ~*~*~tactically~*~*~ (stealth).
  1726 | D:3      | 1726 ||| Stepping ~*~*~tactically~*~*~ (stealth).
  1734 | D:3      | Reached skill level 1 in Dodging
  1943 | D:3      | 1943 ||| Stepping ~*~*~tactically~*~*~ (stealth).
  1968 | D:3      | 1968 ||| FLEEEEING.
  1969 | D:3      | 1969 ||| FLEEEEING.
  1970 | D:3      | 1970 ||| FLEEEEING.
  1971 | D:3      | 1971 ||| FLEEEEING.
  1972 | D:3      | 1972 ||| FLEEEEING.
  1990 | D:3      | Reached skill level 4 in Axes
  2003 | D:3      | Noticed a kobold brigand
  2005 | D:3      | 2005 ||| Stepping ~*~*~tactically~*~*~ (hiding).
  2013 | D:3      | Killed a kobold brigand
  2014 | D:3      | Reached XP level 5. HP: 32/32 MP: 5/5
  2035 | D:3      | Reached skill level 5 in Axes
  2129 | D:3      | 2129 ||| Stepping ~*~*~tactically~*~*~ (stealth).
  2139 | D:3      | 2139 ||| FLEEEEING.
  2143 | D:3      | Noticed a kobold brigand
  2145 | D:3      | Noticed Robin
  2153 | D:3      | Killed a kobold brigand
  2154 | D:3      | Reached XP level 6. HP: 35/39 MP: 6/6
  2156 | D:3      | Killed Robin
  2422 | D:3      | 2422 ||| UPGRADING to +0 storm dragon scales.
  2432 | D:3      | 2432 ||| DROPPING +0 scale mail.
  2433 | D:3      | 2433 ||| UPGRADING to +0 helmet.
  2438 | D:3      | 2438 ||| READING scroll labelled PYSIUF TAVU.
  2439 | D:3      | 2439 ||| READING scroll labelled SYXI ZONAV YWN.
  2440 | D:3      | 2440 ||| READING scroll labelled HOITEPHIRPH.
  2441 | D:3      | 2441 ||| READING scroll labelled WENATIESTI.
  2442 | D:3      | 2442 ||| DRINKING 2 fuming pink potions.
  2531 | D:4      | Noticed a black bear
  2544 | D:4      | Killed a black bear
  2722 | D:4      | Noticed Blork the orc
  2732 | D:4      | Killed Blork the orc
  2733 | D:4      | Reached skill level 6 in Axes
  2733 | D:4      | Reached XP level 7. HP: 34/44 MP: 7/7
  2813 | D:4      | Noticed Ijyb
  2825 | D:4      | Killed Ijyb
  2903 | D:4      | 2903 ||| Stepping ~*~*~tactically~*~*~ (stealth).
  2904 | D:4      | 2904 ||| Stepping ~*~*~tactically~*~*~ (stealth).
  2938 | D:4      | Noticed Grinder
  2939 | D:4      | 2939 ||| Stepping ~*~*~tactically~*~*~ (hiding).
  2940 | D:4      | 2940 ||| Stepping ~*~*~tactically~*~*~ (hiding).
  2952 | D:4      | Killed Grinder
  2976 | D:4      | Found a radiant altar of Vehumet.
  3005 | D:4      | Found a burning altar of Makhleb.
  3006 | D:4      | 3006 ||| SWAPPING to +0 broad axe.
  3007 | D:4      | 3007 ||| DROPPING +1 war axe.
  3010 | D:4      | Found a blossoming altar of Fedhas.
  3010 | D:4      | Found a hazy altar of Hepliaklqana.
  3017 | D:4      | Found a hide-covered altar of Uskayaw.
  3032 | D:4      | Reached skill level 7 in Axes
  3083 | D:4      | 3083 ||| Stepping ~*~*~tactically~*~*~ (hiding).
  3095 | D:4      | Noticed Natasha
  3101 | D:4      | Reached XP level 8. HP: 45/48 MP: 8/8
  3113 | D:4      | Killed Natasha
  3232 | D:4      | 3232 ||| Stepping ~*~*~tactically~*~*~ (stealth).
  3233 | D:4      | 3233 ||| Stepping ~*~*~tactically~*~*~ (stealth).
  3370 | D:4      | Noticed Natasha
  3373 | D:4      | Killed Natasha
  3419 | D:4      | 3419 ||| READING scroll labelled ANTOUT TOW.
  3420 | D:4      | 3420 ||| DRINKING 2 amethyst potions.
  3421 | D:4      | 3421 ||| READING 2 scrolls of identify.
  3421 | D:4      | 3421 ||| IDENTIFYING glowing ruby potion
  3422 | D:4      | 3422 ||| DROPPING potion of invisibility.
  3434 | D:5      | Entered Level 5 of the Dungeon
  3435 | D:5      | 3435 ||| Stepping ~*~*~tactically~*~*~ (stealth).
  3468 | D:5      | 3468 ||| Stepping ~*~*~tactically~*~*~ (hiding).
  3667 | D:5      | 3667 ||| Stepping ~*~*~tactically~*~*~ (stealth).
  3696 | D:5      | Reached skill level 1 in Throwing
  3991 | D:5      | Found a basalt altar of Yredelemnul.
  4093 | D:5      | 4093 ||| READING scroll labelled XOSCHO PEAT.
  4094 | D:5      | 4094 ||| READING scroll labelled GETRYN GENK.
  4095 | D:5      | 4095 ||| DRINKING 2 bubbling purple potions.
  4096 | D:5      | 4096 ||| READING 2 scrolls of identify.
  4096 | D:5      | 4096 ||| IDENTIFYING glowing dark potion
  4097 | D:5      | 4097 ||| DROPPING potion of degeneration.
  4189 | D:6      | Reached skill level 8 in Axes
  4619 | D:6      | 4619 ||| Stepping ~*~*~tactically~*~*~ (hiding).
  4620 | D:6      | 4620 ||| Stepping ~*~*~tactically~*~*~ (hiding).
  4748 | D:6      | Reached skill level 6 in Fighting
  4787 | D:6      | Found a sparkling altar of Nemelex Xobeh.
  4986 | D:6      | Identified the +0 chain mail "Ytav" {rPois Will+ Stlth+}
  4988 | D:6      | 4988 ||| DROPPING +0 chain mail "Ytav" {rPois Will+
                  | Stlth+}.
  4989 | D:6      | 4989 ||| DRINKING 2 clear potions.
  5031 | D:7      | 5031 ||| Stepping ~*~*~tactically~*~*~ (stealth).
  5033 | D:7      | 5033 ||| Stepping ~*~*~tactically~*~*~ (stealth).
  5040 | D:7      | 5040 ||| Stepping randomly (disturbance).
  5051 | D:7      | 5051 ||| Stepping ~*~*~tactically~*~*~ (stealth).
  5053 | D:7      | 5053 ||| Stepping ~*~*~tactically~*~*~ (stealth).
  5065 | D:7      | Reached XP level 9. HP: 55/55 MP: 9/9
  5078 | D:7      | 5078 ||| Stepping ~*~*~tactically~*~*~ (hiding).
  5310 | D:7      | Reached skill level 9 in Axes
  5372 | D:7      | Found a shimmering blue altar of Sif Muna.
  5399 | D:7      | Found a staircase to the Ecumenical Temple.
  5400 | D:7      | 5400 ||| PLANNING TEMPLE
  5408 | Temple   | Entered the Ecumenical Temple
  5672 | Temple   | 5672 ||| PLANNING D:1-11
  5884 | D:7      | Found an ancient bone altar of Kikubaaqudgha.
  6039 | D:7      | Found a snail-covered altar of Cheibriados.
  6276 | D:7      | 6276 ||| UPGRADING to +0 kite shield.
  6286 | D:7      | 6286 ||| DROPPING +0 buckler.
  6342 | D:8      | HP: 8/57 [centaur/arrow (8)]
  6342 | D:8      | Shot with an arrow by a centaur

Levels and vault maps discovered:
D:1:      dpeg_arrival_orchard, layout_rooms, st_stairs_4, minmay_cupped
D:2:      layout_basic, serial_shops, shop
D:3:      cheibrodos_thug_alley, layout_loops_ring, uniq_robin
D:4:      layout_loops_ring, nicolae_overflow_hallway_of_the_gods,
          minmay_misc_feat_cross, uniq_grinder, uniq_natasha, uniq_ijyb,
          uniq_blork_the_orc
D:5:      layout_rooms, mainiacjoe_overflow_alcove_1, serial_curves,
          eino_curves_03, eino_curves_04
D:6:      layout_gridville, nemelex_xobeh_ov_fountains_minmay
D:7:      layout_basic, mainiacjoe_overflow_boulevard,
          nicolae_overflow_crystal_walls, old_standard_altar,
          lemuel_temple_firewalk_a, minmay_misc_feat_more_columns,
          serial_bayou_pond_a, minmay_nine_imps
D:8:      layout_loops_ring, enter_bailey_4, nicolae_shop_self_help
Temple:   compressed_dpeg_triangle_lava_temple

Skill      XL: |  1  2  3  4  5  6  7  8  9 |
---------------+----------------------------+-----
Axes           | 2 3 4 5 6 7 8 9 |  9.1
Dodging        | 1 2 |  2.0
Fighting       | 4 6 7 |  7.0
Armour         | 4 5 |  5.7
Throwing       | 1 |  1.4
Shields        | 4 |  4.2

Action                     |  1- 3 |  4- 6 |  7- 9 || total
---------------------------+-------+-------+-------++-------
  Melee: War axe           |   110 |   175 |    26 ||   311
         Broad axe         |       |       |   260 ||   260
  Throw: Boomerang         |       |       |    32 ||    32
    Use: Scroll            |     5 |     6 |     5 ||    16
         Potion            |       |     1 |     3 ||     4
 Armour: Scale mail        |    65 |    72 |       ||   137
         Storm dragon scal |       |    17 |   342 ||   359
  Dodge: Dodged            |    52 |    75 |   173 ||   300
  Block: Buckler           |    18 |    45 |    78 ||   141
         Kite shield       |       |       |    17 ||    17

Table legend:
 A = Non-vault XP
 B = Vault XP
 C = Vault XP percentage of total XP
 D = Non-vault monster count
 E = Vault monster count
 F = Vault count percentage of total count
                 A         B        C        D         E       F
            +---------+---------+-------+---------+---------+-------
      Total |    2635 |    1077 |  29.0 |     120 |      40 |  25.0
            +---------+---------+-------+---------+---------+-------
        D:1 |      30 |       9 |  23.1 |      19 |       6 |  24.0
        D:2 |      45 |       0 |   0.0 |      18 |       0 |   0.0
        D:3 |     105 |     238 |  69.4 |      18 |      21 |  53.8
        D:4 |     443 |     432 |  49.4 |      16 |       4 |  20.0
        D:5 |     264 |       0 |   0.0 |      12 |       0 |   0.0
        D:6 |     628 |       0 |   0.0 |       9 |       0 |   0.0
        D:7 |    1072 |     398 |  27.1 |      27 |       9 |  25.0
        D:8 |      48 |       0 |   0.0 |       1 |       0 |   0.0
            +---------+---------+-------+---------+---------+-------
